 Dungeon Crawl Stone Soup version 0.21.1-1-g345015f (webtiles) character file.

127 suicidejoker the Covert (level 5, -4/34 HPs)
             Began as an Octopode Assassin on Apr 12, 2018.
             Splashed by a jelly's acid (6 damage)
             ... on level 3 of the Dungeon.
             The game lasted 00:03:35 (2143 turns).

suicidejoker the Covert (Octopode Assassin)         Turns: 2143, Time: 00:03:37

Health: -4/34      AC: -3    Str: 11    XL:     5   Next: 11%
Magic:  14/14      EV: 13    Int: 13    God:
Gold:   64         SH:  0    Dex: 14    Spells: 4/4 levels left

rFire    . . .     SeeInvis .   a - +3 dagger
rCold    . . .     Gourm    .   (no shield)
rNeg     + . .     Faith    .   (helmet restricted)
rPois    .         Spirit   .   (no amulet)
rElec    .         Reflect  .   n - ring of magical power
rCorr    .         Harm     .   t - ring of positive energy
MR       .....                  (no ring)
Stlth    +++++.....             (no ring)
HPRegen  0.11/turn              (no ring)
MPRegen  0.14/turn              (no ring)
                                (no ring)
                                (no ring)

@: corroded
A: almost no armour, stealthy swim, amphibious, 8 rings, constrict 8, camouflage
1, gelatinous body 1
a: no special abilities


You were on level 3 of the Dungeon.
You were hungry.

You visited 1 branch of the dungeon, and saw 3 of its levels.

You collected 64 gold pieces.

Inventory:

Hand Weapons
 a - a +3 dagger (weapon)
 b - a +0 blowgun
 e - a +0 hunting sling
Missiles
 c - 56 poisoned needles
 d - 2 curare-tipped needles
 h - 94 bolts
 p - 72 stones (quivered)
 r - 46 arrows
Jewellery
 n - a ring of magical power (left tentacle)
 t - a ring of positive energy (right tentacle)
Scrolls
 j - 2 scrolls of teleportation
 k - a scroll of identify
 l - a scroll of amnesia
 o - a scroll of fear
Potions
 g - a potion of heal wounds {unknown}
 m - a potion of magic {unknown}
 q - a potion of curing {unknown}
 u - a potion of agility {unknown}
Comestibles
 f - 6 rations


   Skills:
 - Level 2.0 Fighting
 - Level 2.0 Short Blades
 - Level 2.0 Throwing
 - Level 1.0 Dodging
 + Level 8.7 Stealth


You had 4 spell levels left.
You didn't know any spells.

Dungeon Overview and Level Annotations

Branches:
Dungeon (3/15)

Altars:
Cheibriados
Hepliaklqana
Makhleb
Ru
Uskayaw
Wu Jian
Yredelemnul

Annotations:
D:3 1 runed door


Innate Abilities, Weirdness & Mutations

You cannot wear most types of armour.
You are very stealthy in the water. (Stealth+)
You are amphibious.
You can wear up to eight rings at the same time.
You can use your tentacles to constrict eight enemies at once.
Your skin changes colour to match your surroundings (Stealth+).
Your rubbery body absorbs attacks. (AC +1, EV +1)


Message History

You are too injured to fight recklessly!
You are too injured to fight recklessly!
You are too injured to fight recklessly!
You are too injured to fight recklessly!
You are too injured to fight recklessly!
You are too injured to fight recklessly!
You are too injured to fight recklessly!
You are too injured to fight recklessly!
You are too injured to fight recklessly!
You are too injured to fight recklessly!
You hit the jelly.
Your tentacles burn!
* * * LOW HITPOINT WARNING * * *
The jelly is heavily wounded.
You hit the jelly.
Your tentacles burn!
* * * LOW HITPOINT WARNING * * *
The jelly is severely wounded.
The jelly hits you.
* * * LOW HITPOINT WARNING * * *
The acid corrodes you!
You are splashed with acid!
The acid burns!
You die...

#...#.###...####. #...#†#
###..#... #.>.#.# #....##
#...†.#####..###
######......##...##
#.....##....>..#..##
......#.##...............
...## #..................
. ##@........######..
#...J.##.#.<..........
#..............#######
#.....#...#.)..#######
#.....##.........##...
#..####...#.##........
##. .....#.........## ##
... #.........#. .#
#...........


You could see a jelly.

Vanquished Creatures
  Terence (D:3)
  2 adders
  2 oozes
  5 worms
  2 dart slugs
  3 leopard geckos
  6 giant cockroaches
  5 hobgoblins
  5 jackals
  2 quokkas
  7 bats
  2 frilled lizards (D:1)
  A goblin (D:2)
  7 kobolds
  A kobold zombie (D:3)
  5 rats
56 creatures vanquished.

Notes
Turn   | Place    | Note
-------+----------+-------------------------------------------
     0 | D:1      | suicidejoker the Octopode Assassin began the quest for the Orb.
     0 | D:1      | Reached XP level 1. HP: 14/14 MP: 1/1
   314 | D:1      | Reached XP level 2. HP: 19/19 MP: 2/2
   342 | D:1      | Reached skill level 6 in Stealth
   946 | D:2      | Reached XP level 3. HP: 24/24 MP: 3/3
   952 | D:2      | Found an ornate altar of the Wu Jian Council.
   962 | D:2      | Found a basalt altar of Yredelemnul.
   970 | D:2      | Reached skill level 7 in Stealth
   981 | D:2      | Found a sacrificial altar of Ru.
  1035 | D:2      | Found a burning altar of Makhleb.
  1043 | D:2      | Found a snail-covered altar of Cheibriados.
  1361 | D:2      | Reached XP level 4. HP: 25/29 MP: 4/4
  1432 | D:2      | Found a hide-covered altar of Uskayaw.
  1925 | D:3      | Reached skill level 8 in Stealth
  2009 | D:3      | Found a runed door.
  2009 | D:3      | Noticed a human
  2063 | D:3      | Noticed Terence
  2075 | D:3      | Killed Terence
  2075 | D:3      | Reached XP level 5. HP: 34/34 MP: 5/5
  2081 | D:3      | Found a hazy altar of Hepliaklqana.
  2143 | D:3      | Splashed by a jelly's acid

Skill      XL: |  1  2  3  4 |
---------------+-------------+-----
Stealth        | 6 7 8 |  8.7
Fighting       | |  2.0
Short Blades   | |  2.0
Throwing       | |  2.0
Dodging        | |  1.0

Action                   |  1- 3 |  4- 6 || total
-------------------------+-------+-------++-------
Melee: Dagger            |    63 |    46 ||   109
       Tentacles         |    12 |    10 ||    22
       Constrict         |    12 |    10 ||    22
  Use: Scroll            |     6 |     3 ||     9
 Stab: Sleeping          |    16 |     9 ||    25
  Eat: Chunk             |     1 |     2 ||     3
Armor: Skin              |     6 |     1 ||     7
Dodge: Dodged            |    29 |    15 ||    44
